 Dungeon Crawl Stone Soup version 0.30-a0-534-gdc55766716 (webtiles) character file.

Game seed: 11692543940039531729

73703 mandarbmax the Blocker (level 15, -6/211 HPs)
             Began as an Armataur Berserker on Dec 25, 2022.
             Was a High Priest of Trog.
             Killed by divine providence
             ... invoked by a smoke demon
              (14 damage)
             ... on level 1 of the Abyss.
             The game lasted 00:47:36 (19940 turns).

mandarbmax the Blocker (Armataur Berserker)        Turns: 19940, Time: 00:47:36

Health: -6/211     AC: 28    Str: 33    XL:     15   Next: 4%
Magic:  0/13       EV:  6    Int:  8    God:    Trog [*****.]
Gold:   1110       SH: 30    Dex: 10    Spells: 14/14 levels left

rFire   x . .      SeeInvis .    N - +8 demon blade "Leech" {vamp, Harm Drain rN+}
rCold   + + .      Faith    .    w - +18 shield of the Gong {rElec rN+ Will+ EV-5}
rNeg    + + .      Spirit   +    i - +0 ice dragon scales
rPois   .          Reflect  .    x - +2 helmet
rElec   +          Harm     +    I - +1 cloak of Starlight {*Dazzle EV+4 Stlth--}
rCorr   .          Roll     +    (no gloves)
Will    ++++.      Clarity  +    n - +0 barding Stlth
                                 b - amulet of guardian spirit
HPRegen 1.00/turn                K - +4 ring of protection
MPRegen 0.13/turn                o - +6 ring of strength

@: mighty, berserking, strong-willed (expiring), sick, regenerating (expiring),
hasted, very quick
A: large, rugged brown scales 3, deformed body, armoured tail, roll, long
tongue, awkward tongue, clarity, deterioration 1, high MP 1, screaming 1,
[berserk 2], [clumsy 1], [low MP 2], [subdued magic 1]
a: Renounce Religion, Berserk, Trog's Hand, Brothers in Arms


You were on level 1 of the Abyss.
You worshipped Trog.
Trog was extremely pleased with you.
You visited 3 branches of the dungeon, and saw 19 of its levels.
You visited the Abyss 1 time.
You also visited: Bailey and Gauntlet.

You collected 1720 gold pieces.
You spent 610 gold pieces at shops.

Inventory:

Hand Weapons
 a - a +0 vorpal mace
 L - a +3 antimagic eveningstar
 N - the +8 demon blade "Leech" (weapon) {vamp, Harm Drain rN+}
   (You found it on level 1 of the Orcish Mines)

   It heals its wielder for a portion of the damage dealt every time it strikes
   a living foe.
   rN:        It protects you from negative energy.
   Drain:     It drains your maximum health when unequipped.
   Harm:      It increases damage dealt and taken.
Armour
 d - a +0 leather armour of cold resistance
 e - a +1 chain mail of cold resistance
 i - +0 ice dragon scales (worn)
 n - a +0 barding (worn)
 w - the +18 shield of the Gong (worn) {rElec rN+ Will+ EV-5}
   (You found it on level 8 of the Dungeon)

   It is deafeningly noisy when blocking attacks.
   EV:        It affects your evasion (-5).
   rElec:     It insulates you from electricity.
   rN:        It protects you from negative energy.
   Will:      It increases your willpower.
 x - a +2 helmet (worn)
 B - the +1 ring mail of Abstinence {rF+}
   (You found it in a bailey)

   rF:        It protects you from fire.
 F - a +3 leather armour of positive energy
 I - the +1 cloak of Starlight (worn) {*Dazzle EV+4 Stlth--}
   (You bought it in a shop on level 2 of the Orcish Mines)

   It may blind those who miss an attack against the wearer in melee combat.
   EV:        It affects your evasion (+4).
   Stlth:     It makes you much less stealthy.
Jewellery
 b - an amulet of guardian spirit (around neck)
 c - a ring of flight
 o - a +6 ring of strength (right hand)
 A - a ring of protection from fire
 C - a ring of ice
 K - a +4 ring of protection (left hand)
 O - the ring "Otwon" {+Blink rElec rC+ Str-2 Stlth+}
   (You found it in a Gauntlet)

   [ring of protection from cold]

   Str:       It affects your strength (-2).
   rC:        It protects you from cold.
   rElec:     It insulates you from electricity.
   +Blink:    It lets you blink.
   Stlth:     It makes you more stealthy.
 P - an amulet of regeneration
Wands
 h - a wand of digging (4)
 r - a wand of light (20)
 v - a wand of flame (9)
 y - a wand of roots (7)
 J - a wand of paralysis (17)
 M - a wand of polymorph (6)
Scrolls
 j - 2 scrolls of immolation
 k - 2 scrolls of amnesia
 m - 2 scrolls of brand weapon
 p - a scroll of silence
 t - 2 scrolls of enchant weapon
 D - 2 scrolls of teleportation
 E - 2 scrolls of vulnerability
 G - 2 scrolls of fear
Potions
 f - 6 potions of attraction
 l - 2 potions of cancellation
 q - 5 potions of haste
 s - 4 potions of curing
 u - 5 potions of brilliance
 z - 4 potions of flight
 R - a potion of resistance
 T - a potion of magic
Miscellaneous
 g - a lightning rod (4/4)
 Q - a phantom mirror


   Skills:
 - Level 12.0 Fighting
 * Level 10.0 Long Blades
 - Level 12.2 Maces & Flails
 * Level 11.9 Armour
 + Level 6.4 Dodging
 + Level 13.3 Shields


You had 14 spell levels left.
You didn't know any spells.
Your spell library contained the following spells:

 Spells                   Type           Power      Damage    Failure   Level
 Portal Projectile        Hex/Tloc       0%         N/A       98%         3
 Stone Arrow              Conj/Erth      0%         3d7       98%         3
 Fulminant Prism          Conj/Hex       0%         3d5       100%        4
 Freezing Cloud           Conj/Ice/Air   0%         6-21      100%        5
 Simulacrum               Ice/Necr       0%         N/A       100%        6
 Lehudib's Crystal Spear  Conj/Erth      0%         10d2      100%        8
 Polar Vortex             Ice            0%         N/A       100%        9


Dungeon Overview and Level Annotations

Branches:
Dungeon (12/15)            Temple (0/1) D:4            Lair (5/5) D:11
 Shoals (0/4) Lair:3       Spider (0/4) Lair:2          Orc (2/2) D:10
    Elf (0/3) Orc:2        Bailey (visited)         Gauntlet (visited)
  Slime: Lair:4-5

Altars:
Elyvilon
Fedhas
Hepliaklqana
Qazlal
Ru
Uskayaw
Vehumet
Xom
Zin
The Shining One

Shops:
D:12 (   Orc:2 !=*:[:


Innate Abilities, Weirdness & Mutations

You are completely covered in rugged brown scales. (AC +3, +7% HP)
Armour fits poorly on your strangely shaped body.
You have a long armoured tail.
You roll when moving toward enemies. (Rampage)
Your long tongue fully drains potion bottles. (2x potion effects)
Your tongue gives you trouble enunciating. (1.5x scroll delay)
You possess an exceptional clarity of mind.
Your body sometimes deteriorates upon taking damage.
You have an increased reservoir of magic. (+10% MP)
You occasionally shout uncontrollably at your foes.
[You have an uncontrollable temper.]
[You are clumsy. (Dex -2)]
[Your magical capacity is very low. (-20% MP)]
[Your spells are a little easier to cast, but a little less powerful.]


Message History

You block the smoke demon's attack.
GONNNNG!
You block the smoke demon's attack.
SHROANNG!
The raiju bites you but does no damage.
You slash the starcursed mass! You tail-slap the starcursed mass.
The starcursed mass is severely damaged.
The starcursed mass shudders and is absorbed by its neighbour.
You block the harpy skeleton's attack.
GONNNNG!
You block the harpy skeleton's attack.
GONNNNG!
You block the large abomination's attack.
GONNNNG!
You hear a roar!
You hit the starcursed mass.
The starcursed mass is almost destroyed.
The starcursed mass shudders and is absorbed by its neighbour.
You block the harpy skeleton's attack.
GONNNNG!
You block the harpy skeleton's attack.
PANG!
You block the smoke demon's attack.
GONNNNG!
The smoke demon hits you but does no damage. x2
The raiju bites you but does no damage. You block the harpy skeleton's attack.
PTOANNNG!
The harpy skeleton claws you but does no damage.
A starcursed mass splits.
You slash the starcursed mass!
You destroy the starcursed mass!
Trog accepts your kill. You block the harpy skeleton's attack.
GONNNNG!
You block the harpy skeleton's attack.
BOUMMMMG!
You block the sixfirhy's attack.
GONNNNG!
The smoke demon gestures at you. Something smites you!
You die...

. ## .# ## # ##.
.### ... ... ....
.. #.. #..# .#
.##..##..##..## .
.................
......XhZ...... .
.##..##@3##..##.
# #3X# X..h. ..
......... .
#..##..##..# ..
#.. #..# ..# . ..
.... ... .. ....
..


You could see 2 starcursed masses, a large abomination, a sixfirhy, a smoke
demon, 2 raiju and a harpy skeleton.

Vanquished Creatures
  2 orc warlords
  Nessos (Lair:3)
  A minotaur (Gauntlet)
  An ice dragon (Lair:2)
  A boulder beetle (D:11)
  An ogre mage (Orc:2)
  11 two-headed ogres
  6 death yaks (Lair:4)
  5 thrashing horrors
  A wretched star (Abyss:1)
  A sixfirhy (Abyss:1)
  A sea snake (shapeshifter) (Gauntlet)
  A deep elf pyromancer (D:12)
  2 orc sorcerers (Orc:2)
  2 manticores (D:12)
  12 orc knights
  2 ugly things
  2 cyclopes (D:12)
  A moth of wrath (shapeshifter) (Lair:5)
  3 black mambas
  Joseph (D:7)
  An ice statue (Gauntlet)
  2 vault sentinels (D:8)
  9 elephants
  3 cane toads
  2 smoke demons
  A torpor snail (Lair:1)
  2 gargoyles
  3 komodo dragons
  A minotaur zombie (Gauntlet)
  3 rime drakes
  An efreet (Abyss:1)
  2 ancient zymes
  A queen bee (shapeshifter) (Gauntlet)
  8 trolls
  A tarantella (shapeshifter) (Lair:5)
  22 blink frogs
  5 slime creatures (D:12)
  4 dream sheep (Lair:4)
  6 raiju
  3 large abominations
  A flying skull (Abyss:1)
  A vampire (Bailey)
  7 starcursed masses (Abyss:1)
  3 wraiths
  A shadow (D:9)
  3 basilisks
  43 yaks
  11 wyverns
  A chaos spawn (Lair:5)
  A fire bat (shapeshifter) (Gauntlet)
  9 wargs
  Duvessa (D:6)
  2 acid dragons
  14 water moccasins
  10 small abominations
  A floating eye (shapeshifter) (Lair:5)
  37 orc warriors
  2 ice beasts
  2 sky beasts
  9 ogres
  8 wolves (Lair:3)
  A centaur (shapeshifter) (Lair:5)
  8 centaurs
  2 phantoms
  6 kobold brigands
  14 bullfrogs
  4 necrophages
  5 gnoll sergeants
  A scorpion (D:7)
  12 wights
  Dowan (D:6)
  3 killer bees (D:10)
  7 vampire bats (Bailey)
  2 electric eels (Lair:1)
  4 howler monkeys
  4 wolf zombies (Bailey)
  6 orc priests
  A gnoll bouda (D:9)
  2 hounds
  A jelly (D:7)
  Jessica (D:3)
  6 iguanas
  16 orc wizards
  Ijyb (D:4)
  2 lightning spires (Gauntlet)
  17 gnolls
  3 adders
  A white imp (D:7)
  4 dart slugs
  71 orcs
  5 ball pythons
  5 bats
  5 endoplasms
  4 giant cockroaches
  14 goblins
  11 hobgoblins
  3 jackals (D:2)
  15 kobolds
  6 quokkas
  4 frilled lizards
  20 orc zombies (Bailey)
  6 rats
609 creatures vanquished.

Vanquished Creatures (collateral kills)
  A hydra (Lair:2)
  A large abomination (Abyss:1)
  A yak (Lair:2)
3 creatures vanquished.

Vanquished Creatures (others)
  A hydra (Lair:3)
  A komodo dragon (Lair:3)
  A raiju (Abyss:1)
  2 wolves (Lair:3)
  A bullfrog (Lair:3)
  An electric eel (Lair:2)
  34 fungi
  54 plants
95 creatures vanquished.

Grand Total: 707 creatures vanquished

Notes
Turn   | Place    | Note
-------+----------+-------------------------------------------
     0 | D:1      | mandarbmax the Armataur Berserker began the quest for the
                  | Orb.
     0 | D:1      | Reached XP level 1. HP: 19/19 MP: 1/1
    90 | D:1      | Reached XP level 2. HP: 26/26 MP: 2/2
   428 | D:1      | Reached XP level 3. HP: 7/33 MP: 3/3
  1253 | D:2      | Reached ** piety under Trog
  1660 | D:3      | Found a blossoming altar of Fedhas.
  1664 | D:3      | Reached XP level 4. HP: 40/40 MP: 4/4
  1668 | D:3      | Found a stormy altar of Qazlal.
  2326 | D:3      | Noticed Jessica
  2334 | D:3      | Killed Jessica
  2676 | D:4      | Reached skill level 5 in Maces & Flails
  2676 | D:4      | Reached XP level 5. HP: 39/48 MP: 5/5
  2762 | D:4      | Gained mutation: You have hidden genetic defects. [potion
                  | of mutation]
  2762 | D:4      | Gained mutation: You possess an exceptional clarity of
                  | mind. [potion of mutation]
  2762 | D:4      | Gained mutation: You have an increased reservoir of magic.
                  | (+10% MP) [potion of mutation]
  2768 | D:4      | Found a staircase to the Ecumenical Temple.
  3071 | D:4      | Noticed Ijyb
  3081 | D:4      | Killed Ijyb
  3096 | D:4      | Gained mutation: You occasionally shout uncontrollably at
                  | your foes. [hidden defects]
  3408 | D:4      | Gained mutation: Your body sometimes deteriorates upon
                  | taking damage. [hidden defects]
  3408 | D:4      | Lost mutation: You have hidden genetic defects. [hidden
                  | defects expressed]
  3492 | D:5      | Entered Level 5 of the Dungeon
  3510 | D:5      | Reached XP level 6. HP: 50/54 MP: 6/6
  3590 | D:5      | You fall into a shaft and drop 1 floor!
  3907 | D:5      | Identified the +5 trident of Igabb {speed, rElec Str+8
                  | Int+2 Dex-3}
  3970 | D:5      | Found a glowing golden altar of the Shining One.
  3970 | D:5      | Found a glowing silver altar of Zin.
  3970 | D:5      | Found a white marble altar of Elyvilon.
  4147 | D:5      | Noticed an ice beast
  4154 | D:5      | Killed an ice beast
  4155 | D:5      | Reached skill level 1 in Shields
  4230 | D:5      | Reached XP level 7. HP: 53/60 MP: 7/7
  4696 | D:6      | Reached skill level 2 in Shields
  5446 | D:6      | Reached skill level 3 in Shields
  5644 | D:6      | Noticed Duvessa
  5644 | D:6      | Noticed Dowan
  5652 | D:6      | Killed Dowan
  5662 | D:6      | Killed Duvessa
  5663 | D:6      | Reached skill level 5 in Armour
  5663 | D:6      | Reached XP level 8. HP: 43/67 MP: 8/8
  6057 | D:7      | Noticed Joseph
  6070 | D:7      | Killed Joseph
  6071 | D:7      | Reached skill level 4 in Shields
  6148 | D:7      | Found a shimmering altar of Xom.
  6149 | D:7      | Found a sacrificial altar of Ru.
  6149 | D:7      | Found a hide-covered altar of Uskayaw.
  6483 | D:7      | Reached XP level 9. HP: 73/73 MP: 9/9
  6755 | D:8      | Reached skill level 10 in Maces & Flails
  7279 | D:8      | Noticed a two-headed ogre
  7286 | D:8      | Killed a two-headed ogre
  7563 | D:8      | Reached XP level 10. HP: 82/82 MP: 11/11
  7781 | D:8      | Noticed a vault sentinel
  7781 | D:8      | Noticed a vault sentinel
  7817 | D:8      | Killed a vault sentinel
  7826 | D:8      | Killed a vault sentinel
  7975 | D:8      | Found the +18 shield of the Gong {rElec rN+ Will+ EV-5}
  8532 | D:9      | Reached skill level 5 in Fighting
  8751 | D:9      | Identified the +2 robe "Jebbal" {rF+ MP-9 Str+3}
  8787 | D:9      | Reached skill level 5 in Shields
  8789 | D:9      | Reached *** piety under Trog
  9573 | D:10     | Entered Level 10 of the Dungeon
  9601 | D:10     | Reached skill level 6 in Shields
  9601 | D:10     | Noticed a two-headed ogre
  9617 | D:10     | Killed a two-headed ogre
  9627 | D:10     | Found a flagged portal.
  9633 | Bailey   | Entered a bailey
  9691 | Bailey   | Noticed a gargoyle
  9717 | Bailey   | Killed a gargoyle
  9718 | Bailey   | Reached skill level 7 in Shields
 10108 | Bailey   | Reached XP level 11. HP: 98/98 MP: 12/12
 10217 | Bailey   | Identified the +1 ring mail of Abstinence {rF+}
 10417 | D:10     | Reached **** piety under Trog
 10706 | D:10     | Reached skill level 8 in Shields
 10949 | D:10     | Found a hazy altar of Hepliaklqana.
 10997 | D:10     | Found a staircase to the Orcish Mines.
 11293 | D:11     | Noticed a two-headed ogre
 11301 | D:11     | Killed a two-headed ogre
 11352 | D:11     | Reached skill level 9 in Shields
 11479 | D:11     | Reached ***** piety under Trog
 11771 | D:11     | Found a staircase to the Lair.
 11917 | D:11     | Reached skill level 10 in Shields
 11944 | D:11     | Noticed a boulder beetle
 11959 | D:11     | Killed a boulder beetle
 12165 | D:12     | Found Vukuex's Antique Weapon Boutique.
 12203 | D:12     | Noticed a green ugly thing
 12213 | D:12     | Killed a green ugly thing
 12281 | D:12     | Reached XP level 12. HP: 65/113 MP: 11/13
 12299 | D:12     | Reached skill level 11 in Shields
 12310 | D:12     | Reached skill level 10 in Fighting
 12582 | Orc:1    | Entered Level 1 of the Orcish Mines
 12582 | Orc:1    | Found the +8 demon blade "Leech" {vamp, Harm Drain rN+}
 12583 | Orc:1    | Noticed a two-headed ogre
 12593 | Orc:1    | Killed a two-headed ogre
 12641 | Orc:1    | You fall into a shaft and drop 1 floor!
 12641 | Orc:2    | Entered Level 2 of the Orcish Mines
 12641 | Orc:2    | Noticed an orc warlord
 12641 | Orc:2    | Noticed an ogre mage
 12641 | Orc:2    | Noticed a two-headed ogre
 12641 | Orc:2    | Noticed a two-headed ogre
 12641 | Orc:2    | Noticed a two-headed ogre
 12641 | Orc:2    | Noticed a two-headed ogre
 12641 | Orc:2    | Noticed a two-headed ogre
 12641 | Orc:2    | Noticed a two-headed ogre
 12641 | Orc:2    | Found Qucric's Self-Improvement Boutique.
 12647 | Orc:2    | Killed an ogre mage
 12647 | Orc:2    | Killed a two-headed ogre
 12648 | Orc:2    | Reached skill level 12 in Shields
 12648 | Orc:2    | Found a staircase to the Elven Halls.
 12648 | Orc:2    | Killed a two-headed ogre
 12648 | Orc:2    | Killed a two-headed ogre
 12648 | Orc:2    | Killed a two-headed ogre
 12650 | Orc:2    | Killed an orc warlord
 12650 | Orc:2    | Killed a two-headed ogre
 12667 | Orc:2    | Found a gate leading to a gauntlet.
 12680 | Gauntlet | Entered a Gauntlet
 12680 | Gauntlet | Found a transporter.
 12680 | Gauntlet | Found a transporter.
 12714 | Gauntlet | Found a transporter.
 12735 | Gauntlet | Found a transporter.
 12740 | Gauntlet | Found a runed translucent door.
 12743 | Gauntlet | Found a transporter.
 12743 | Gauntlet | Found a transporter.
 12745 | Gauntlet | Found a transporter.
 12745 | Gauntlet | Found a transporter.
 12758 | Gauntlet | Found a transporter.
 12774 | Gauntlet | Found a transporter.
 12784 | Gauntlet | Found a transporter.
 12798 | Gauntlet | Found a transporter.
 12832 | Gauntlet | Found a transporter.
 12832 | Gauntlet | Found a transporter.
 12881 | Gauntlet | Reached skill level 1 in Long Blades
 13160 | Gauntlet | Identified the ring "Otwon" {+Blink rElec rC+ Str-2 Stlth+}
 13205 | Gauntlet | Noticed a minotaur
 13213 | Gauntlet | Killed a minotaur
 13214 | Gauntlet | Reached skill level 13 in Shields
 13235 | Gauntlet | Got Juin's Book of the Crystalline Oath
 13366 | Orc:2    | Reached XP level 13. HP: 124/124 MP: 14/14
 13395 | Orc:1    | Noticed an orc warlord
 13411 | Orc:1    | Killed an orc warlord
 13522 | Orc:1    | Received a gift from Trog
 13730 | Orc:1    | Reached skill level 5 in Long Blades
 15114 | Orc:2    | Found a radiant altar of Vehumet.
 15123 | Orc:2    | Found Uwnour's Distillery.
 15175 | Orc:2    | Found Iheloc's General Store.
 15175 | Orc:2    | Found Sueresao's Jewellery Boutique.
 15425 | Orc:2    | Found Teamnieh's Book Emporium.
 15425 | Orc:2    | Found Operoh's Antique Armour Boutique.
 15439 | Orc:2    | Bought the +1 cloak of Starlight {*Dazzle EV+4 Stlth--} for
                  | 610 gold pieces
 15439 | Orc:2    | Found the +1 cloak of Starlight {*Dazzle EV+4 Stlth--}
 15653 | Lair:1   | Entered Level 1 of the Lair of Beasts
 16711 | Lair:2   | Found a hole to the Spider Nest.
 17218 | Lair:2   | Reached XP level 14. HP: 134/134 MP: 13/15
 17756 | Lair:3   | Noticed Nessos
 17798 | Lair:3   | Killed Nessos
 17799 | Lair:3   | Reached skill level 5 in Dodging
 17915 | Lair:3   | Found a staircase to the Shoals.
 18580 | Lair:4   | Reached skill level 10 in Armour
 18695 | Lair:4   | Received a gift from Trog
 19427 | Lair:5   | Entered Level 5 of the Lair of Beasts
 19711 | Abyss:1  | Cast into level 1 of the Abyss (spriggan)
 19753 | Abyss:1  | Noticed a starcursed mass
 19791 | Abyss:1  | Noticed a starcursed mass
 19808 | Abyss:1  | Received a gift from Trog
 19899 | Abyss:1  | Reached XP level 15. HP: 124/141 MP: 13/13
 19915 | Abyss:1  | Reached skill level 10 in Long Blades
 19922 | Abyss:1  | Paralysed by accursed screaming for 1 turns
 19931 | Abyss:1  | HP: 7/211 [large abomination (14)]
 19940 | Abyss:1  | Killed from afar by a smoke demon

Illustrated notes

Levels and vault maps discovered:
D:1:      heliophobic_arrival_henge, layout_loops_ring
D:2:      layout_loops_ring, minmay_misc_feat_square, corexii_shack
D:3:      layout_loops_ring, grunt_temple_overflow_forces_of_nature,
          uniq_jessica
D:4:      layout_cave_pools, minmay_temple_entry_proselytizer,
          serial_column_ruins, column_ruins_pillar_2, column_ruins_pillar_2,
          column_ruins_pillar_3, column_ruins_pillar_2, column_ruins_pillar_3,
          column_ruins_pillar_11, column_ruins_pillar_4, column_ruins_pillar_5,
          column_ruins_pillar_1, column_ruins_pillar_2, column_ruins_pillar_1,
          hex_tiny, uniq_ijyb
D:5:      layout_basic, good_gods_mini_temple
D:6:      layout_layer_cave, uniq_duvessa
D:7:      layout_gridville, gammafunk_temple_overflow_forgotten,
          minmay_misc_feat_enclosed, uniq_joseph
D:8:      layout_loops_corners, hellmonk_guarded_unrand_gong
D:9:      layout_roguey
D:10:     layout_small_grid, lemuel_coloured_pillars_altar,
          kennysheep_orc_monster_closet_entryway, enter_bailey_2
D:11:     layout_basic, minmay_lair_entry_grove
D:12:     layout_cave_pools, serial_shops, nicolae_diamond_shop, minmay_holes
Lair:1:   layout_regular_city, infiniplex_staircase_pool, serial_bayou_shore_a
Lair:2:   dragon1_lemuel, layout_cave_pods, dummy_spider_entry,
          beast_lair_carwin_2, infiniplex_staircase_pool_2
Lair:3:   layout_gridlike, minmay_shoals_entry_centaurs, lemuel_fruit_tree,
          uniq_nessos
Lair:4:   layout_loops_ring, grunt_megastairs_5
Lair:5:   hellmonk_lair_end_abyssal_woods, layout_gridlike, slime_entry_2,
          minivault_26, minivault_19, kennysheep_basilisk_garden,
          lemuel_fruit_fields
Orc:1:    layout_diamond_mine, serial_shops, nicolae_lakefront_shop,
          abandoned_shop, dreamdust_deal_with_the_devil
Orc:2:    st_orc_town, layout_caves, serial_shops, shop_fountains, basic_altar,
          gauntlet_entry_generic, nicolae_shop_self_help
Abyss:1:  base:
D:13

Skill      XL: |  1  2  3  4  5  6  7  8  9 10 11 12 13 14 15 |
---------------+----------------------------------------------+-----
Fighting       | 3 7 9 11 12 | 12.0
Maces & Flails | 3 4 5 6 7 9 12 | 12.2
Armour         | 3 5 6 8 11 | 11.9
Shields        | 1 3 4 7 10 13 | 13.3
Dodging        | 2 4 6 |  6.4
Long Blades    | 3 7 9 10 | 10.0

Action                   |  1- 3 |  4- 6 |  7- 9 | 10-12 | 13-15 || total
-------------------------+-------+-------+-------+-------+-------++-------
Melee: Mace              |   131 |   134 |   205 |   627 |       ||  1097
       Tailslap          |    10 |    16 |    22 |   103 |   179 ||   330
       Punch             |     1 |       |       |       |       ||     1
       Demon blade       |       |       |       |    67 |  1092 ||  1159
Invok: Berserk           |     9 |     9 |    12 |    22 |    24 ||    76
       Trog's Hand       |       |       |       |     1 |     4 ||     5
       Brothers in Arms  |       |       |       |     1 |     2 ||     3
Evoke: Wand              |       |       |       |     1 |     1 ||     2
       Phantom mirror    |       |       |       |       |     1 ||     1
       Lightning rod     |       |       |       |       |     1 ||     1
  Use: Potion            |     3 |     2 |       |     7 |    14 ||    26
       Scroll            |       |     1 |     1 |    18 |     9 ||    29
 Stab: Invisible         |       |       |       |     1 |     2 ||     3
       Paralysed         |       |       |       |       |     1 ||     1
Armor: Animal skin       |    64 |       |       |       |       ||    64
       Ring mail         |     6 |    47 |    39 |    60 |       ||   152
       Leather armour    |       |       |       |    71 |    12 ||    83
       Chain mail        |       |       |       |       |   209 ||   209
       Ice dragon scales |       |       |       |       |   128 ||   128
       Skin              |       |       |       |       |    30 ||    30
Dodge: Dodged            |    74 |    58 |    59 |    28 |   132 ||   351
Block: Buckler           |       |     2 |    25 |     3 |       ||    30
       Kite shield       |       |       |       |   704 |  1697 ||  2401

Table legend: (Time is in decaauts)
 A = Elapsed time spent in this place.
 B = Non-inter-level travel time spent in this place.
 C = Inter-level travel time spent in this place.
 D = Time resting spent in this place.
 E = Time spent auto-exploring this place.
 F = Levels seen in this place.
 G = Mean time per level.
                   A        B        C        D        E       F      G
               +--------+--------+--------+--------+--------+-----+--------+
         Total |  20340 |  19543 |    797 |   5493 |  10008 |  22 |  924.5 |
       Dungeon |  12179 |  11540 |    639 |   3272 |   6582 |  12 | 1014.9 |
          Lair |   4109 |   3990 |    119 |    399 |   2627 |   5 |  821.8 |
  Orcish Mines |   2441 |   2403 |     38 |   1280 |    492 |   2 | 1220.5 |
         Abyss |    204 |    204 |      0 |      0 |      0 |   1 |  204.0 |
        Bailey |    712 |    712 |      0 |    247 |    141 |   1 |  712.0 |
      Gauntlet |    692 |    692 |      0 |    294 |    165 |   1 |  692.0 |
               +--------+--------+--------+--------+--------+-----+--------+

Top non-repeatable levels by time:
     D:8: 1818 daAuts
   Orc:1: 1688 daAuts
     D:6: 1490 daAuts
  Lair:2: 1191 daAuts
    D:10: 1127 daAuts
    D:11: 1102 daAuts
     D:3: 1080 daAuts
     D:9: 1054 daAuts
     D:5: 964 daAuts
  Lair:4: 940 daAuts
     D:1: 900 daAuts
  Lair:1: 874 daAuts
     D:4: 872 daAuts
     D:7: 866 daAuts
  Lair:3: 829 daAuts
